 Dungeon Crawl Stone Soup version 0.28-a0-407-g69098e2f6d (webtiles) character file.

Game seed: 3531455959063794054

540786 gruber the Impaler (level 26, -3/207 HPs)
             Began as a Gnoll Ice Elementalist on Aug 25, 2021.
             Was the Champion of Vehumet.
             Slain by a vampire knight (17 damage)
             ... while paralysed by a vampire knight
             ... on level 1 of the Crypt on Sept 5, 2021.
             The game lasted 02:54:26 (81188 turns).

gruber the Impaler (Gnoll Ice Elementalist)        Turns: 81188, Time: 02:54:27

Health: -3/207     AC: 21    Str:  9    XL:     26   Next: 53%
Magic:  0/49       EV:  2    Int: 27    God:    Vehumet [******]
Gold:   4968       SH:  0    Dex: 17    Spells: 16/59 levels left

rFire   + + .      SeeInvis +   W - +10 trident "Acviegh" {vorpal, Drain rF+++ SInv Stlth-}
rCold   + + .      Faith    .   L - +1 kite shield {reflect}
rNeg    . . .      Spirit   +   c - +4 moon troll leather armour {Spirit, Regen++ MP+5}
rPois   .          Reflect  +   j - +0 helmet of the Orb Guardian {SInv Stlth+}
rElec   +          Harm     .   Y - +2 cloak {Stlth+}
rCorr   +          Rampage  .   m - +1 pair of gloves "Isteoz" {rC+}
Will    .....                   i - +0 pair of boots
Stlth   +++++++++.              J - amulet "Irolias" {Regen+ rCorr Dex+2}
HPRegen 3.44/turn               h - ring of the Hare {EV+8}
MPRegen 0.31/turn               A - ring "Cukottit" {Ice rElec Int+4 Stlth+}

@: paralysed, weak-willed, studying Polearms
A: fangs 1, strong nose, distributed training
}: 2/15 runes: serpentine, barnacled
a: Renounce Religion


You were on level 1 of the Crypt.
You worshipped Vehumet.
Vehumet was exalted by your worship.
You visited 10 branches of the dungeon, and saw 45 of its levels.
You visited the Abyss 1 time.
You also visited: Trove and Wizlab.

You collected 8330 gold pieces.
You spent 3362 gold pieces at shops.

Inventory:

Hand Weapons
 W - the +10 trident "Acviegh" (weapon) {vorpal, Drain rF+++ SInv Stlth-}
   (You found it on level 4 of the Shoals)

   It inflicts extra damage upon your enemies.
   rF:        It renders you almost immune to fire.
   SInv:      It lets you see invisible.
   Drain:     It drains your maximum health when unequipped.
   Stlth:     It makes you less stealthy.
Missiles
 k - 27 silver javelins
 E - 15 throwing nets
Armour
 c - the +4 moon troll leather armour (worn) {Spirit, Regen++ MP+5}
   (You bought it in a shop on level 1 of the Elven Halls)

   MP:        It affects your magic capacity (+5).
   Regen:     It increases your rate of health regeneration.
 i - a +0 pair of boots (worn)
 j - the +0 helmet of the Orb Guardian (worn) {SInv Stlth+}
   (You bought it in a shop on level 1 of the Elven Halls)

   SInv:      It lets you see invisible.
   Stlth:     It makes you more stealthy.
 m - the +1 pair of gloves "Isteoz" (worn) {rC+}
   (You bought it in a shop on level 2 of the Orcish Mines)

   rC:        It protects you from cold.
 L - a +1 kite shield of reflection (worn)
 Y - a +2 cloak of stealth (worn)
Jewellery
 h - the ring of the Hare (left hand) {EV+8}
   (You took it off a merfolk siren on level 4 of the Shoals)

   [ring of evasion]

   EV:        It affects your evasion (+8).
 q - the ring "Echulyt" {Fly rC+}
   (You found it in a treasure trove)

   [ring of flight]

   rC:        It protects you from cold.
   Fly:       It grants you flight.
 A - the ring "Cukottit" (right hand) {Ice rElec Int+4 Stlth+}
   (You found it on level 3 of the Elven Halls)

   [ring of ice]

   It enhances your ice magic.
   Int:       It affects your intelligence (+4).
   rF:        It makes you vulnerable to fire.
   rC:        It protects you from cold.
   rElec:     It insulates you from electricity.
   Stlth:     It makes you more stealthy.
 B - the ring "Dohasol" {Wiz rC+ Str+5 Dex+3}
   (You found it in a treasure trove)

   [ring of wizardry]

   It improves your spell success rate.
   Str:       It affects your strength (+5).
   Dex:       It affects your dexterity (+3).
   rC:        It protects you from cold.
 G - the ring "Teiwn" {Will++ SInv}
   (You found it on level 4 of the Vaults)

   [ring of see invisible]

   SInv:      It lets you see invisible.
   Will:      It greatly increases your willpower.
 J - the amulet "Irolias" (around neck) {Regen+ rCorr Dex+2}
   (You found it in a treasure trove)

   [amulet of regeneration]

   Dex:       It affects your dexterity (+2).
   Regen:     It increases your rate of health regeneration.
   rCorr:     It protects you from acid and corrosion.
 M - the ring "Kureloecs" {Fire *Slow +Blink rElec Will+ Int+5}
   (You found it on level 6 of the Dungeon)

   [ring of fire]

   It enhances your fire magic.
   Int:       It affects your intelligence (+5).
   rF:        It protects you from fire.
   rC:        It makes you vulnerable to cold.
   rElec:     It insulates you from electricity.
   +Blink:    It lets you blink.
   *Slow:     It may slow you when you take damage.
   Will:      It increases your willpower.
 S - the ring "Zotaryu" {Fire rN+ Will++}
   (You found it in a treasure trove)

   [ring of fire]

   It enhances your fire magic.
   rF:        It protects you from fire.
   rC:        It makes you vulnerable to cold.
   rN:        It protects you from negative energy.
   Will:      It greatly increases your willpower.
Wands
 u - a wand of charming (35)
 y - a wand of flame (161)
 H - a wand of mindburst (37)
 N - a wand of iceblast (72)
 P - a wand of digging (28)
 U - a wand of polymorph (25)
 X - a wand of acid (16)
 Z - a wand of paralysis (29)
Scrolls
 a - 3 scrolls of enchant armour
 d - a scroll of fog
 p - 5 scrolls of blinking
 s - 12 scrolls of teleportation
 t - 5 scrolls of magic mapping
 v - 4 scrolls of amnesia
 x - 18 scrolls of identify
 z - 4 scrolls of holy word
 F - 3 scrolls of summoning
 I - 4 scrolls of fear
 O - 3 scrolls of silence
Potions
 b - 11 potions of heal wounds
 e - 7 potions of might
 f - 10 potions of magic
 g - 7 potions of brilliance
 l - 4 potions of invisibility
 n - 9 potions of lignification
 o - 12 potions of attraction
 r - 4 potions of haste
 C - 24 potions of curing
 K - 8 potions of ambrosia
 Q - 6 potions of cancellation
 R - 5 potions of flight
Miscellaneous
 T - a condenser vane (inert)
 V - a lightning rod (inert)


   Skills:
 + Level 16.9 Fighting
 + Level 16.9 Short Blades
 + Level 16.9 Long Blades
 + Level 16.9 Axes
 + Level 16.9 Maces & Flails
 + Level 19.1 Polearms
 + Level 16.9 Staves
 + Level 16.9 Slings
 + Level 16.9 Bows
 + Level 16.9 Crossbows
 + Level 16.9 Throwing
 + Level 16.9 Armour
 + Level 17.4 Dodging
 + Level 17.3 Stealth
 + Level 16.9 Shields
 + Level 16.9 Unarmed Combat
 + Level 17.4 Spellcasting
 + Level 14.6 Conjurations
 + Level 14.6 Hexes
 + Level 14.6 Summonings
 + Level 14.6 Necromancy
 + Level 14.6 Translocations
 + Level 14.6 Transmutations
 + Level 14.6 Fire Magic
 + Level 15.8 Ice Magic
 + Level 14.6 Air Magic
 + Level 14.6 Earth Magic
 + Level 14.6 Poison Magic
 + Level 18.2 Invocations
 + Level 16.9 Evocations


You had 16 spell levels left.
You knew the following spells:

 Your Spells              Type           Power      Damage    Failure   Level
a - Freeze                Ice            100%       1d11      0%          1
b - Frozen Ramparts       Ice            100%       1d12      0%          3
c - Ozocubu's Armour      Ice            100%       N/A       0%          3
d - Sandblast             Erth           100%       2d20      0%          1
e - Ignition              Fire           40%        3d12      11%         8
f - Iron Shot             Conj/Erth      40%        9d8       1%          6
g - Bolt of Magma         Conj/Fire/Erth 40%        4d17      1%          5
h - Summon Ice Beast      Ice/Summ       100%       N/A       1%          4
i - Freezing Cloud        Conj/Ice/Air   51%        6-21      1%          5
j - Ozocubu's Refrigerat  Ice            52%        4d15      1%          7

Your spell library contained the following spells:

 Spells                   Type           Power      Damage    Failure   Level
 Lehudib's Crystal Spear  Conj/Erth      40%        10d10     11%         8
 Fire Storm               Conj/Fire      40%        8d10      80%         9
 Shatter                  Erth           40%        3d31*     80%         9
 Animate Skeleton         Necr           100%       N/A       0%          1
 Beastly Appendage        Tmut           100%       N/A       0%          1
 Corona                   Hex            88%        N/A       0%          1
 Foxfire                  Conj/Fire      100%       2x1d9     0%          1
 Sting                    Tmut/Pois      100%       1d8       0%          1
 Corpse Rot               Necr/Air       N/A        N/A       0%          2
 Ensorcelled Hibernation  Hex/Ice        100%       N/A       0%          2
 Passwall                 Tmut/Erth      66%        N/A       0%          2
 Poisonous Vapours        Pois/Air       100%       N/A       0%          2
 Static Discharge         Conj/Air       80%        N/A       0%          2
 Sublimation of Blood     Necr           40%        N/A       0%          2
 Wereblood                Tmut           80%        N/A       0%          2
 Conjure Flame            Conj/Fire      80%        6-21      0%          3
 Dazzling Flash           Conj/Hex       100%       N/A       0%          3
 Ignite Poison            Fire/Tmut/Pois 80%        N/A       0%          3
 Inner Flame              Hex/Fire       80%        N/A       0%          3
 Mephitic Cloud           Conj/Pois/Air  80%        N/A       0%          3
 Stone Arrow              Conj/Erth      100%       3d13      0%          3
 Gell's Gravitas          Tloc           40%        N/A       1%          3
 Lesser Beckoning         Tloc           80%        N/A       1%          3
 Portal Projectile        Hex/Tloc       100%       N/A       1%          3
 Spider Form              Tmut/Pois      40%        N/A       1%          3
 Teleport Other           Tloc           80%        N/A       1%          3
 Tukima's Dance           Hex            80%        N/A       1%          3
 Airstrike                Air            40%        N/A       1%          4
 Animate Armour           Summ/Erth      100%       N/A       1%          4
 Animate Dead             Necr           40%        N/A       1%          4
 Dispel Undead            Necr           80%        3d26      1%          4
 Hailstorm                Conj/Ice       100%       3d20      1%          4
 Ice Form                 Ice/Tmut       100%       N/A       1%          4
 Iskenderun's Mystic Bla  Conj/Tloc      80%        2d16      1%          4
 Leda's Liquefaction      Hex/Erth       40%        N/A       1%          4
 Olgreb's Toxic Radiance  Pois           80%        N/A       1%          4
 Passage of Golubria      Tloc           N/A        N/A       1%          4
 Sticky Flame             Conj/Fire      80%        2d9       1%          4
 Summon Lightning Spire   Summ/Air       80%        N/A       1%          4
 Blade Hands              Tmut           40%        N/A       1%          5
 Excruciating Wounds      Necr           40%        N/A       1%          5
 Irradiate                Conj/Tmut      40%        3d26      1%          5
 Iskenderun's Battlesphe  Conj           80%        2d13      1%          5
 Lee's Rapid Deconstruct  Erth           40%        3d21*     1%          5
 Lightning Bolt           Conj/Air       40%        1d59      1%          5
 Metabolic Englaciation   Hex/Ice        51%        N/A       1%          5
 Summon Forest            Summ/Tloc      40%        N/A       1%          5
 Summon Mana Viper        Hex/Summ       80%        N/A       1%          5
 Yara's Violent Unravell  Hex/Tmut       40%        3d16      1%          5
 Eringya's Noxious Bog    Tmut/Pois      40%        N/A       1%          6
 Shadow Creatures         Summ           N/A        N/A       1%          6
 Simulacrum               Ice/Necr       51%        N/A       1%          6
 Starburst                Conj/Fire      40%        6d11      1%          6
 Orb of Destruction       Conj           40%        9d14      1%          7
 Spellforged Servitor     Conj/Summ      40%        N/A       1%          7
 Dragon Form              Tmut           40%        N/A       5%          7
 Haunt                    Necr/Summ      40%        N/A       5%          7
 Malign Gateway           Summ/Tloc      40%        N/A       5%          7
 Summon Hydra             Summ           40%        N/A       5%          7
 Maxwell's Capacitive Co  Air            40%        ∞         11%         8
 Borgnjor's Revivificati  Necr           40%        N/A       38%         8
 Disjunction              Tloc           40%        N/A       38%         8
 Infestation              Necr           40%        N/A       38%         8
 Summon Horrible Things   Summ           40%        N/A       38%         8
 Polar Vortex             Ice            52%        N/A       63%         9
 Death's Door             Necr           40%        N/A       99%         9


Dungeon Overview and Level Annotations

Branches:
Dungeon (15/15)            Temple (1/1) D:6            Lair (6/6) D:9
 Shoals (4/4) Lair:4        Snake (4/4) Lair:2        Slime (0/5) Lair:5
    Orc (2/2) D:12            Elf (3/3) Orc:2        Vaults (4/5) D:14
  Crypt (1/3) Vaults:2     Depths (5/5) D:15            Zot (0/5) Depths:5
 WizLab (visited)

Altars:
Ashenzari
Cheibriados
Dithmenos
Elyvilon
Fedhas
Gozag
Hepliaklqana
Kikubaaqudgha
Makhleb
Nemelex Xobeh
Okawaru
Qazlal
Ru
Sif Muna
Trog
Uskayaw
Vehumet
Wu Jian
Xom
Yredelemnul
Zin
The Shining One
Beogh

Shops:
D:1 :   D:7 (   D:12 =   D:15 !   Orc:2 =[[:[:[*(   Elf:1 [   Elf:3 ::=
Shoals:1 (   Shoals:3 *   Shoals:4 ?   Snake:1 !([

Portals:
Hell: Depths:1 Depths:2 Depths:3 Depths:4 Depths:5
Abyss: Depths:4 Depths:5
Pandemonium: Depths:1 Depths:3 Depths:4 Depths:5

Annotations:
Lair:6 2 transporters, Ywerph's ghost, journeyman DjDe
Snake:2 Saint Roka
Vaults:1 Mara


Innate Abilities, Weirdness & Mutations

You have very sharp teeth.
Your uncanny sense of smell can sniff out nearby items.
Your experience applies equally to all skills.


Message History

The vampire knight bites you but does no damage.
Unknown command.
Unknown command.
Reach: W) +10 trident "Acviegh" {vorpal, Drain rF+++ SInv Stlth-}
Press: ? - help, Dir - move target, f/p - vampire knight
Aim: a vampire knight, wielding a +0 long sword and wearing a +0 plate armour (thunder, heavily damaged, fast, slightly transparent, about 16% to evade the +10 trident "Acviegh")
You hit the vampire knight but do no damage.
You bite the vampire knight, but do no damage.
The vampire knight is heavily damaged.
You block the vampire knight's attack. x2
Unknown command.
Unknown command.
Reach: W) +10 trident "Acviegh" {vorpal, Drain rF+++ SInv Stlth-}
Press: ? - help, Dir - move target, f/p - vampire knight
Aim: a vampire knight, wielding a +0 long sword and wearing a +0 plate armour (thunder, heavily damaged, fast, slightly transparent, about 16% to evade the +10 trident "Acviegh")
You puncture the vampire knight!
The vampire knight is heavily damaged.
The vampire knight casts a spell at you.
You suddenly lose the ability to move!
The vampire knight draws life force from you!
* * * LOW HITPOINT WARNING * * *
The vampire knight is healed by the life force!
The vampire knight hits you with a +0 long sword!
* * * LOW HITPOINT WARNING * * *
The vampire knight bites you but does no damage.
The vampire knight hits you with a +0 long sword.
* * * LOW HITPOINT WARNING * * *
The vampire knight bites you but does no damage.
The vampire knight hits you with a +0 long sword!!
* * * LOW HITPOINT WARNING * * *
The vampire knight bites you.
* * * LOW HITPOINT WARNING * * *
The vampire knight draws strength from your injuries!
The vampire knight draws life force from you!!
* * * LOW HITPOINT WARNING * * *
The vampire knight is healed by the life force!
The vampire knight points at you and mumbles some strange words.
You resist with significant effort.
The vampire knight hits you with a +0 long sword!!
You die...

###.....#######..
..................
......W......p....
..................
........p.........
........Z.Z.......
.......§ZW.WW.....
####...VW#######..
#.....#@)...#..
#...)§V§....#
#....§#§....#
#.....'.....#
#.....#.....#
#.....#.....#
+##.....#######. >..
................ ....#####
..........................


You could see a vampire knight (fast, invisible).

Vanquished Creatures
  3 juggernauts (Depths:3)
  Bai Suzhen (Vaults:3)
  Margery (Depths:5)
  Xtahua (Vaults:3)
  5 caustic shrikes
  Jory (Depths:4)
  4 golden dragons
  Nikola (Shoals:4)
  A lich (Abyss:3)
  Jorgrun (Snake:3)
  5 tentacled monstrosities
  2 deep elf blademasters (Elf:3)
  Mlioglotl (Depths:3)
  Asterion (Elf:2)
  A titan (Depths:4)
  2 deep elf master archers (Elf:3)
  A quicksilver dragon (Depths:4)
  A sphinx (Vaults:1)
  A tentacled starspawn (Abyss:3)
  4 shadow dragons
  Kirke (Snake:2)
  6 tengu reavers
  Donald (Elf:3)
  5 storm dragons
  Ilsuiw (Shoals:2)
  A fenstrider witch (Shoals:1)
  10 nagarajas
  2 iron dragons (Depths:4)
  A revenant (Abyss:3)
  7 fire giants
  10 frost giants
  3 balrugs
  Aizul (Depths:3)
  7 vault wardens
  3 ghouls
  A draconian annihilator (Depths:5)
  2 orc warlords
  A draconian stormcaller (Depths:5)
  6 deep elf elementalists (Elf:3)
  A spriggan defender (Depths:3)
  8 ironbound preservers
  3 war gargoyles
  33 very ugly things
  10 stone giants
  A reaper (Depths:5)
  6 vampire knights
  7 deep elf demonologists
  2 green draconians (Depths:5)
  8 deep elf annihilators
  A dire elephant (Vaults:2)
  Azrael (D:13)
  6 spark wasps
  3 entropy weavers
  10 purple draconians (WizLab)
  2 red draconians (Depths:5)
  4 merfolk javelineers
  6 statues (WizLab)
  6 deep elf high priests
  Josephine (Lair:5)
  3 crystal guardians
  6 deep elf death magi
  8 merfolk impalers
  15 fire dragons
  8 ettins
  11 great orbs of eyes
  7 ironbound thunderhulks
  15 vault guards
  13 hydras
  3 peacekeepers
  7 ice dragons
  19 naga warriors
  13 yaktaur captains
  2 salamander tyrants (Snake:4)
  5 boulder beetles
  Harold (D:10)
  A fenstrider witch zombie (Crypt:1)
  5 rakshasas
  An alligator snapping turtle (Shoals:4)
  8 anacondas
  8 spriggan air magi
  3 merfolk aquamancers
  8 centaur warriors
  15 ironbound frosthearts
  3 merfolk avatars
  2 ogre magi (D:15)
  Erica (D:11)
  A death knight (D:12)
  The ghost of Noexoob the Bewitcher, a journeyman FeEn of Gozag (Lair:4)
  5 death yaks
  9 two-headed ogres
  2 two-headed ogres (shapeshifter)
  6 tengu warriors
  4 vampire magi
  7 deep troll shamans
  4 orc high priests
  11 deep troll earth magi
  28 dancing weapons
  4 ironbound beastmasters
  2 satyrs (Shoals:4)
  9 hell knights
  11 shock serpents
  A thrashing horror (Abyss:3)
  3 spriggan berserkers
  13 naga sharpshooters
  3 sun demons
  15 deep elf knights
  6 iron trolls
  A sixfirhy (Depths:1)
  A storm dragon skeleton (Crypt:1)
  7 salamander mystics
  A wretched star (Abyss:3)
  5 skeletal warriors
  A quicksilver dragon simulacrum (Crypt:1)
  3 flayed ghosts
  4 naga ritualists
  3 glowing orange brains
  18 sea snakes
  40 deep trolls
  A torturous demonspawn (Depths:1)
  8 phantasmal warriors
  9 deep elf archers
  16 wizards
  6 lindwurms
  13 orc knights
  A swamp dragon (Vaults:3)
  A bog body (Crypt:1)
  20 ironbound convokers
  20 deep elf pyromancers
  7 necromancers
  30 harpies
  19 deep elf zephyrmancers
  6 mana vipers
  10 fauns
  8 manticores
  An oklob plant (Lair:6)
  A sphinx skeleton (Vaults:3)
  9 orc sorcerers
  70 ugly things
  A moth of wrath (Lair:4)
  7 cyclopes
  A stone giant skeleton (Crypt:1)
  9 merfolk sirens
  12 elephants (Lair:6)
  A rust devil (Depths:1)
  An elephant (shapeshifter) (D:12)
  39 salamanders
  43 black mambas
  An apocalypse crab (Abyss:3)
  A fire giant skeleton (Crypt:1)
  13 water nymphs
  29 naga magi
  Maurice (D:11)
  23 vault sentinels
  6 guardian serpents
  An orange demon (Depths:1)
  A smoke demon (Abyss:3)
  An unseen horror (shapeshifter) (D:15)
  10 cane toads
  A gargoyle (D:14)
  29 yaktaurs
  A yaktaur zombie (Vaults:4)
  2 kobold demonologists
  2 ice devils
  3 rime drakes
  A tormentor (Depths:5)
  A yaktaur skeleton (Vaults:4)
  A hellwing (Depths:5)
  14 komodo dragons
  17 tengu conjurers
  3 ancient zymes (Abyss:3)
  3 red devils
  An efreet (D:15)
  36 merfolk
  The ghost of sn0wgr3 the Covered, an amateur MiFi (D:6)
  A meliai (shapeshifter) (D:15)
  A jumping spider (Vaults:2)
  A queen bee (shapeshifter) (Elf:1)
  5 trolls
  4 wind drakes
  A queen bee (Lair:1)
  4 blink frogs
  8 polar bears
  A human zombie (Vaults:3)
  A wind drake (shapeshifter) (D:14)
  12 snapping turtles
  4 hornets
  4 raiju (Abyss:3)
  13 dream sheep
  55 slime creatures
  9 wraiths
  2 starcursed masses (Abyss:3)
  2 tarantellas (shapeshifter) (D:12)
  A centaur simulacrum (D:14)
  25 water elementals
  2 ynoxinuls (Depths:5)
  19 spriggans
  3 air elementals
  9 redbacks
  2 large abominations (Abyss:3)
  4 basilisks
  50 yaks
  7 wyverns
  A human (D:14)
  2 steam dragons (D:8)
  2 hogs (shapeshifter)
  4 fire elementals (D:13)
  5 hogs (Snake:2)
  Menkaure (D:6)
  6 chaos spawn
  4 neqoxecs
  7 wargs
  62 nagas
  An ogre zombie (Vaults:3)
  3 acid dragons
  A floating eye (Depths:2)
  A hell hound (D:13)
  19 water moccasins
  2 ice beasts
  37 orc warriors
  4 black bears
  A necrophage (D:8)
  15 ogres
  29 wolves
  5 boggarts (Lair:6)
  6 centaurs
  An elf simulacrum (Vaults:4)
  2 phantoms
  Blork the orc (D:6)
  3 kobold brigands (D:10)
  15 bullfrogs
  3 earth elementals
  A human skeleton (Vaults:4)
  A wyvern zombie (D:9)
  7 scorpions
  A yak zombie (Crypt:1)
  A water moccasin skeleton (D:6)
  A spriggan zombie (Crypt:1)
  31 killer bees
  15 wights
  An electric eel (Elf:3)
  6 howler monkeys
  9 centaur zombies
  A crimson imp (D:3)
  A quasit (Abyss:3)
  A jelly (D:6)
  A lava snake (Snake:4)
  3 small abominations (Abyss:3)
  A wyvern simulacrum (D:6)
  4 hounds
  A water moccasin simulacrum (D:6)
  23 orc priests
  3 iguanas (D:6)
  27 orc wizards
  A scorpion zombie (D:5)
  An ogre skeleton (Crypt:1)
  A hound zombie (D:5)
  An acid dragon skeleton (Crypt:1)
  2 hound skeletons (D:4)
  2 howler monkey zombies
  A gnoll (D:1)
  A howler monkey skeleton (D:7)
  10 adders
  An ogre simulacrum (Crypt:1)
  5 white imps
  An adder zombie (D:5)
  A worm (D:3)
  4 dart slugs
  86 orcs
  15 bats
  6 endoplasms
  6 giant cockroaches
  6 hobgoblins
  5 jackals
  6 quokkas
  6 ball pythons
  2 frilled lizards
  5 goblins
  12 kobolds
  5 rats
  A spectral goblin (D:15)
2045 creatures vanquished.

Vanquished Creatures (others)
  A naga warrior (Snake:4)
  2 merfolk aquamancers (Shoals:4)
  A dancing weapon (Elf:2)
  A salamander mystic (Depths:5)
  A necromancer (Depths:5)
  A smoke demon (Abyss:3)
  A water nymph (Shoals:4)
  3 water elementals (Shoals:4)
  An orc warrior (Orc:1)
  A bush (Lair:6)
  48 fungi
  166 plants
  2 starspawn tentacles (Abyss:3)
229 creatures vanquished.

Grand Total: 2274 creatures vanquished

Notes
Turn   | Place    | Note
-------+----------+-------------------------------------------
     0 | D:1      | gruber the Gnoll Ice Elementalist began the quest for the
                  | Orb.
     0 | D:1      | Reached XP level 1. HP: 13/13 MP: 6/6
   209 | D:1      | Found Lyobegro's Book Shoppe.
   220 | D:1      | Reached XP level 2. HP: 17/19 MP: 3/7
   362 | D:1      | Reached XP level 3. HP: 23/25 MP: 3/9
   448 | D:1      | Learned a level 3 spell: Frozen Ramparts
   452 | D:1      | Reached skill level 5 in Spellcasting
   456 | D:1      | Learned a level 3 spell: Ozocubu's Armour
   695 | D:1      | Found a faded altar of an unknown god.
   895 | D:2      | Reached skill level 1 in Invocations
   985 | D:2      | Reached skill level 1 in Fighting
   985 | D:2      | Reached skill level 1 in Short Blades
   985 | D:2      | Reached skill level 1 in Long Blades
   985 | D:2      | Reached skill level 1 in Axes
   985 | D:2      | Reached skill level 1 in Maces & Flails
   985 | D:2      | Reached skill level 1 in Polearms
   985 | D:2      | Reached skill level 1 in Staves
   985 | D:2      | Reached skill level 1 in Slings
   985 | D:2      | Reached skill level 1 in Bows
   985 | D:2      | Reached skill level 1 in Crossbows
   985 | D:2      | Reached skill level 1 in Throwing
   985 | D:2      | Reached skill level 1 in Armour
   985 | D:2      | Reached skill level 1 in Shields
   985 | D:2      | Reached skill level 1 in Unarmed Combat
   985 | D:2      | Reached skill level 1 in Evocations
  1180 | D:2      | Reached XP level 4. HP: 32/32 MP: 7/11
  1360 | D:3      | Reached skill level 1 in Conjurations
  1360 | D:3      | Reached skill level 1 in Hexes
  1360 | D:3      | Reached skill level 1 in Summonings
  1360 | D:3      | Reached skill level 1 in Necromancy
  1360 | D:3      | Reached skill level 1 in Translocations
  1360 | D:3      | Reached skill level 1 in Transmutations
  1360 | D:3      | Reached skill level 1 in Fire Magic
  1360 | D:3      | Reached skill level 1 in Air Magic
  1360 | D:3      | Reached skill level 1 in Earth Magic
  1360 | D:3      | Reached skill level 1 in Poison Magic
  1368 | D:3      | Reached XP level 5. HP: 18/37 MP: 1/12
  2119 | D:3      | Found a white marble altar of Elyvilon.
  2562 | D:3      | Found a burning altar of Makhleb.
  2563 | D:3      | Found a shimmering altar of Xom.
  2692 | D:4      | Reached XP level 6. HP: 44/44 MP: 5/13
  2917 | D:4      | Identified the +9 war axe of the Vaults {venom, *Corrode
                  | rC+ rN+ Will+}
  3853 | D:5      | Entered Level 5 of the Dungeon
  3887 | D:5      | Reached skill level 2 in Polearms
  3887 | D:5      | Reached skill level 5 in Dodging
  3995 | D:5      | Reached XP level 7. HP: 45/50 MP: 8/15
  4818 | D:6      | Noticed sn0wgr3's ghost (amateur MiFi)
  4832 | D:6      | Reached skill level 5 in Stealth
  4902 | D:6      | Found a runed translucent gate.
  4902 | D:6      | Found a runed translucent gate.
  4902 | D:6      | Found a runed translucent gate.
  4952 | D:6      | Reached XP level 8. HP: 57/57 MP: 9/16
  5043 | D:6      | Reached skill level 3 in Polearms
  5245 | D:6      | Found a staircase to the Ecumenical Temple.
  5250 | D:6      | Noticed Menkaure
  5259 | D:6      | Killed Menkaure
  5262 | Temple   | Entered the Ecumenical Temple
  5330 | Temple   | Became a worshipper of Vehumet
  5544 | D:6      | Noticed Blork the orc
  5551 | D:6      | Reached XP level 9. HP: 26/65 MP: 5/18
  5962 | D:6      | Killed Blork the orc
  6139 | D:6      | Reached skill level 4 in Polearms
  6741 | D:7      | Reached * piety under Vehumet
  6741 | D:7      | Offered knowledge of Shock by Vehumet.
  6876 | D:7      | Found Qodiar's Antique Weapon Boutique.
  7229 | D:7      | Reached skill level 5 in Invocations
  7919 | D:8      | Reached XP level 10. HP: 73/73 MP: 16/20
  8114 | D:8      | Offered knowledge of Sandblast by Vehumet.
  8119 | D:8      | Reached ** piety under Vehumet
  8249 | D:8      | Reached skill level 5 in Fighting
  8249 | D:8      | Reached skill level 5 in Short Blades
  8249 | D:8      | Reached skill level 5 in Long Blades
  8249 | D:8      | Reached skill level 5 in Axes
  8249 | D:8      | Reached skill level 5 in Maces & Flails
  8249 | D:8      | Reached skill level 5 in Polearms
  8249 | D:8      | Reached skill level 5 in Staves
  8249 | D:8      | Reached skill level 5 in Slings
  8249 | D:8      | Reached skill level 5 in Bows
  8249 | D:8      | Reached skill level 5 in Crossbows
  8249 | D:8      | Reached skill level 5 in Throwing
  8249 | D:8      | Reached skill level 5 in Armour
  8249 | D:8      | Reached skill level 5 in Shields
  8249 | D:8      | Reached skill level 5 in Unarmed Combat
  8249 | D:8      | Reached skill level 5 in Evocations
  8250 | D:8      | Identified the +7 great sword of Linearity {venom, rPois
                  | rC- rN+}
  9166 | D:9      | Found a broken altar of Ashenzari.
  9167 | D:9      | Found a sacrificial altar of Ru.
  9167 | D:9      | Found a blossoming altar of Fedhas.
  9167 | D:9      | Found an opulent altar of Gozag.
  9168 | D:9      | Found a basalt altar of Yredelemnul.
  9409 | D:9      | Learned a level 1 spell: Sandblast
 10323 | D:9      | Found a staircase to the Lair.
 10915 | D:10     | Entered Level 10 of the Dungeon
 11105 | D:10     | Reached XP level 11. HP: 61/81 MP: 18/22
 11179 | D:10     | Noticed a two-headed ogre
 11288 | D:10     | Offered knowledge of Mephitic Cloud by Vehumet.
 11314 | D:10     | Learned a level 3 spell: Mephitic Cloud
 11376 | D:10     | Reached skill level 6 in Polearms
 11408 | D:10     | Noticed a two-headed ogre
 11415 | D:10     | Killed a two-headed ogre
 11416 | D:10     | Reached skill level 5 in Conjurations
 11416 | D:10     | Reached skill level 5 in Hexes
 11416 | D:10     | Reached skill level 5 in Summonings
 11416 | D:10     | Reached skill level 5 in Necromancy
 11416 | D:10     | Reached skill level 5 in Translocations
 11416 | D:10     | Reached skill level 5 in Transmutations
 11416 | D:10     | Reached skill level 5 in Fire Magic
 11416 | D:10     | Reached skill level 5 in Air Magic
 11416 | D:10     | Reached skill level 5 in Earth Magic
 11416 | D:10     | Reached skill level 5 in Poison Magic
 11478 | D:10     | Killed a two-headed ogre
 11535 | D:10     | Noticed Harold
 11539 | D:10     | Reached *** piety under Vehumet
 11547 | D:10     | Killed Harold
 12510 | Lair:1   | Entered Level 1 of the Lair of Beasts
 12609 | Lair:1   | Offered knowledge of Ignite Poison by Vehumet.
 13248 | Lair:1   | Reached XP level 12. HP: 81/89 MP: 20/24
 14068 | Lair:2   | Found a staircase to the Snake Pit.
 14074 | Lair:2   | Reached skill level 7 in Polearms
 14257 | Lair:2   | Noticed a six-headed hydra
 14264 | Lair:2   | Killed a six-headed hydra
 14264 | Lair:2   | Reached **** piety under Vehumet
 14272 | Lair:2   | Learned a level 6 spell: Iron Shot
 14334 | Lair:2   | Offered knowledge of Bolt of Magma by Vehumet.
 15162 | Lair:3   | Learned a level 5 spell: Bolt of Magma
 15170 | Lair:3   | Noticed an eight-headed hydra
 15184 | Lair:3   | Killed an eight-headed hydra
 15931 | Lair:4   | Noticed an eight-headed hydra
 15938 | Lair:4   | Killed an eight-headed hydra
 16049 | Lair:4   | Found a bloodstained altar of Trog.
 16049 | Lair:4   | Noticed Noexoob's ghost (journeyman FeEn)
 16057 | Lair:4   | Found a transporter.
 16258 | Lair:4   | Reached XP level 13. HP: 98/98 MP: 21/26
 16309 | Lair:4   | Found a transporter.
 16593 | Lair:4   | Reached skill level 8 in Polearms
 16710 | Lair:4   | Found a staircase to the Shoals.
 17220 | Lair:5   | Learned a level 4 spell: Summon Ice Beast
 17237 | Lair:5   | Identified the +4 plate armour of Submission {Harm Int+2
                  | Dex-5}
 17552 | Lair:5   | Reached skill level 10 in Ice Magic
 17889 | Lair:5   | Reached ***** piety under Vehumet
 17912 | Lair:5   | Offered knowledge of Eringya's Noxious Bog by Vehumet.
 18523 | Lair:5   | Noticed Josephine
 18585 | Lair:5   | Killed Josephine
 18586 | Lair:5   | Reached skill level 10 in Spellcasting
 18775 | Lair:5   | Found a staircase to the Slime Pits.
 18831 | Lair:6   | Entered Level 6 of the Lair of Beasts
 19212 | Lair:6   | Noticed Ywerph's ghost (journeyman DjDe)
 19281 | Lair:6   | Reached XP level 14. HP: 106/106 MP: 22/28
 19383 | Lair:6   | Reached skill level 10 in Dodging
 19523 | Lair:6   | Reached skill level 9 in Polearms
 19831 | Lair:6   | Reached skill level 10 in Stealth
 19946 | Lair:6   | Found a transporter.
 19952 | Lair:6   | Found a transporter.
 20246 | Lair:6   | Reached skill level 10 in Invocations
 20921 | Lair:6   | Found a shadowy altar of Dithmenos.
 21010 | Lair:6   | Offered knowledge of Fulminant Prism by Vehumet.
 21336 | Lair:6   | Learned a level 5 spell: Freezing Cloud
 22226 | D:11     | Noticed Maurice
 22234 | D:11     | Killed Maurice
 22709 | D:11     | Noticed Erica
 22714 | D:11     | Killed Erica
 22942 | D:12     | Found Giywiack's Jewellery Shoppe.
 23133 | D:12     | Reached XP level 15. HP: 115/115 MP: 21/29
 23708 | D:12     | Found a staircase to the Orcish Mines.
 24580 | D:12     | Identified the +4 scale mail of a bailey {Rampage rPois}
 24696 | D:12     | Reached skill level 10 in Fighting
 24696 | D:12     | Reached skill level 10 in Short Blades
 24696 | D:12     | Reached skill level 10 in Long Blades
 24696 | D:12     | Reached skill level 10 in Axes
 24696 | D:12     | Reached skill level 10 in Maces & Flails
 24696 | D:12     | Reached skill level 10 in Polearms
 24696 | D:12     | Reached skill level 10 in Staves
 24696 | D:12     | Reached skill level 10 in Slings
 24696 | D:12     | Reached skill level 10 in Bows
 24696 | D:12     | Reached skill level 10 in Crossbows
 24696 | D:12     | Reached skill level 10 in Throwing
 24696 | D:12     | Reached skill level 10 in Armour
 24696 | D:12     | Reached skill level 10 in Shields
 24696 | D:12     | Reached skill level 10 in Unarmed Combat
 24696 | D:12     | Reached skill level 10 in Evocations
 25764 | D:13     | Noticed Azrael
 25767 | D:13     | Offered knowledge of Lee's Rapid Deconstruction by Vehumet.
 25771 | D:13     | Killed Azrael
 27158 | D:14     | Found a gate to the Vaults.
 27820 | D:15     | Entered Level 15 of the Dungeon
 27961 | D:15     | Reached XP level 16. HP: 123/123 MP: 31/31
 28477 | D:15     | Found a staircase to the Depths.
 28732 | D:15     | Found a hazy altar of Hepliaklqana.
 28956 | D:15     | Found Lyschats's Distillery.
 29398 | Snake:1  | Entered Level 1 of the Snake Pit
 29398 | Snake:1  | Found Itoemale's Distillery.
 29574 | Snake:1  | Found Akaat's Antique Weapon Emporium.
 29593 | Snake:1  | Identified the +0 pair of boots "Ybanood" {Will+++ Int-2
                  | Dex+4 Slay-6}
 29679 | Snake:1  | Found Voantirr's Armour Boutique.
 29687 | Snake:1  | Bought a +1 helmet of see invisible for 280 gold pieces
 29687 | Snake:1  | Bought a +3 scale mail of poison resistance for 391 gold
                  | pieces
 29687 | Snake:1  | Identified 2 scrolls of acquirement
 29698 | Snake:1  | Acquired 586 gold pieces
 29705 | Snake:1  | Acquired 845 gold pieces
 31900 | Snake:2  | Noticed a nagaraja
 31909 | Snake:2  | Killed a nagaraja
 32076 | Snake:2  | Noticed Saint Roka
 32792 | Orc:1    | Entered Level 1 of the Orcish Mines
 32798 | Orc:1    | Reached skill level 11 in Polearms
 33212 | Orc:1    | Reached ****** piety under Vehumet
 33212 | Orc:1    | Offered knowledge of Conjure Ball Lightning by Vehumet.
 33451 | Orc:2    | Entered Level 2 of the Orcish Mines
 33531 | Orc:2    | Found Pairoec's Book Shop.
 33559 | Orc:2    | Found Ciseimoa's Armour Shoppe.
 33588 | Orc:2    | Found Omeilaon's General Store.
 33621 | Orc:2    | Found a staircase to the Elven Halls.
 34281 | Orc:2    | Found Jemimm's Jewellery Emporium.
 34281 | Orc:2    | Found Rofiyteph's Book Shop.
 34283 | Orc:2    | Found Ifuqelib's Armour Shop.
 34283 | Orc:2    | Found Gyl Esso's Antique Armour Emporium.
 34293 | Orc:2    | Bought a pair of warped gloves for 247 gold pieces
 34293 | Orc:2    | Identified the +1 pair of gloves "Isteoz" {rC+} (You bought
                  | it in a shop on level 2 of the Orcish Mines)
 34509 | Orc:2    | Found Qiruonn's Antique Armour Shoppe.
 34515 | Orc:2    | Bought a pair of brightly glowing boots for 275 gold pieces
 34515 | Orc:2    | Identified the -7 pair of boots of Insurance {Str+4} (You
                  | bought it in a shop on level 2 of the Orcish Mines)
 34563 | Orc:2    | Reached XP level 17. HP: 131/131 MP: 24/33
 34661 | Orc:2    | Found Hoazerat's Weapon Emporium.
 34739 | Orc:2    | Offered knowledge of Fireball by Vehumet.
 35054 | Orc:1    | Upgraded the game from 0.28-a0-247-gb8bfbab023 to
                  | 0.28-a0-258-g8de209e91f
 35939 | Shoals:1 | Entered Level 1 of the Shoals
 36388 | Shoals:1 | Found Cuuwky's Antique Weapon Emporium.
 37121 | Shoals:1 | Paralysed by a fenstrider witch for 5 turns
 39086 | Shoals:2 | Noticed Ilsuiw
 39126 | Shoals:2 | Killed Ilsuiw
 39538 | Shoals:2 | Reached skill level 10 in Conjurations
 39538 | Shoals:2 | Reached skill level 10 in Hexes
 39538 | Shoals:2 | Reached skill level 10 in Summonings
 39538 | Shoals:2 | Reached skill level 10 in Necromancy
 39538 | Shoals:2 | Reached skill level 10 in Translocations
 39538 | Shoals:2 | Reached skill level 10 in Transmutations
 39538 | Shoals:2 | Reached skill level 10 in Fire Magic
 39538 | Shoals:2 | Reached skill level 10 in Air Magic
 39538 | Shoals:2 | Reached skill level 10 in Earth Magic
 39538 | Shoals:2 | Reached skill level 10 in Poison Magic
 40204 | Shoals:3 | Offered knowledge of Ozocubu's Refrigeration by Vehumet.
 40237 | Shoals:3 | Found Xoso's General Store.
 40247 | Shoals:3 | Learned a level 7 spell: Ozocubu's Refrigeration
 41245 | Shoals:4 | Entered Level 4 of the Shoals
 41539 | Shoals:4 | Reached XP level 18. HP: 122/140 MP: 25/34
 42169 | Shoals:4 | Found Ixumm's Magic Scroll Emporium.
 42179 | Shoals:4 | Reached skill level 12 in Polearms
 42366 | Shoals:4 | Noticed Nikola
 42402 | Shoals:4 | Killed Nikola
 43147 | Shoals:4 | Got the Grimoire of the Desert
 43396 | Shoals:4 | Got a barnacled rune of Zot
 43459 | Shoals:4 | Identified the +10 trident "Acviegh" {vorpal, Drain rF+++
                  | SInv Stlth-}
 43823 | Vaults:1 | Entered Level 1 of the Vaults
 43856 | Vaults:1 | Offered knowledge of Ignition by Vehumet.
 45379 | Vaults:1 | Learned a level 8 spell: Ignition
 45952 | Vaults:2 | Reached XP level 19. HP: 147/147 MP: 29/36
 46170 | Vaults:2 | Found a magical portal.
 46182 | WizLab   | Entered Iskenderun's Mystic Tower
 47999 | WizLab   | Got Iskenderun's Reference Book on Battle Magic
 48439 | Vaults:2 | Found a staircase to the Crypt.
 48866 | Vaults:2 | Offered knowledge of Lehudib's Crystal Spear by Vehumet.
 48866 | Vaults:2 | Offered knowledge of Fire Storm by Vehumet.
 48866 | Vaults:2 | Offered knowledge of Shatter by Vehumet.
 49020 | Vaults:2 | Noticed Mara
 49258 | Vaults:2 | Noticed gruber's illusion
 49350 | Vaults:2 | Noticed gruber's illusion
 49356 | Vaults:1 | Noticed gruber's illusion
 49780 | Snake:2  | Reached skill level 13 in Polearms
 50364 | Snake:2  | Noticed Kirke
 50374 | Snake:2  | Killed Kirke
 51469 | Snake:3  | Reached XP level 20. HP: 156/156 MP: 25/37
 51944 | Snake:3  | Identified the +3 leather armour of Labah {Fly rPois Int-5
                  | Slay+3}
 52971 | Snake:3  | Noticed Jorgrun
 52976 | Snake:3  | Killed Jorgrun
 53243 | Snake:4  | Entered Level 4 of the Snake Pit
 56304 | Snake:4  | Reached XP level 21. HP: 142/164 MP: 30/39
 56472 | Snake:4  | Got a serpentine rune of Zot
 56915 | Elf:1    | Entered Level 1 of the Elven Halls
 56915 | Elf:1    | Found Keciy's Antique Armour Boutique.
 56926 | Elf:1    | Bought the +4 moon troll leather armour {Spirit, Regen++
                  | MP+5} for 1798 gold pieces
 56926 | Elf:1    | Found the +4 moon troll leather armour {Spirit, Regen++
                  | MP+5}
 56926 | Elf:1    | Bought a smoking helmet for 313 gold pieces
 56926 | Elf:1    | Identified the +0 helmet of the Orb Guardian {SInv Stlth+}
                  | (You bought it in a shop on level 1 of the Elven Halls)
 57224 | Elf:1    | You fall into a shaft and drop 1 floor!
 57224 | Elf:2    | Found a runed translucent gate.
 57224 | Elf:2    | Found a runed translucent gate.
 57224 | Elf:2    | Found a runed translucent gate.
 57680 | Elf:2    | Noticed Asterion
 57737 | Elf:2    | Killed Asterion
 57773 | Elf:2    | Reached skill level 15 in Invocations
 58236 | Elf:2    | Reached skill level 14 in Polearms
 58573 | Elf:2    | Identified the +8 chain mail of Kygoj {rN++ Dex-4}
 59416 | Elf:3    | Entered Level 3 of the Elven Halls
 59831 | Elf:1    | Got the Papyrus of Stones and Contamination
 60091 | Elf:1    | Found a portal to a secret trove of treasure.
 60201 | Orc:2    | Bought a scroll of fog for 30 gold pieces
 60472 | Shoals:4 | Bought a scroll of fog for 28 gold pieces
 60900 | Elf:1    | You paid a toll of 5 scrolls of fog to enter a treasure
                  | trove
 60901 | Trove    | Entered a treasure trove
 60907 | Trove    | Identified the ring of Odoses {Contam rC+++ rN+ Slay+6
                  | SInv}
 60909 | Trove    | Identified the ring "Echulyt" {Fly rC+}
 60914 | Trove    | Identified the ring "Miqocirch" {rElec rF- MP+9 Stlth+}
 60918 | Trove    | Identified the ring "Dohasol" {Wiz rC+ Str+5 Dex+3}
 60922 | Trove    | Identified the amulet "Irolias" {Regen+ rCorr Dex+2}
 60924 | Trove    | Identified the ring "Zotaryu" {Fire rN+ Will++}
 60931 | Trove    | Identified the ring "Siamierucu" {rN+ EV+4}
 60933 | Trove    | Identified the ring of the Lily {Fly rF+ Will+ Int-4}
 61173 | Elf:3    | Identified the -3 kite shield "Hepaett" {Harm rElec Str-2
                  | Stlth+}
 61173 | Elf:3    | Noticed Donald
 61177 | Elf:3    | Killed Donald
 61608 | Elf:3    | Found Ekeixiv's Book Boutique.
 61609 | Elf:3    | Found Sativ's Jewellery Shoppe.
 61610 | Elf:3    | Found Vosow's Book Boutique.
 61973 | Lair:4   | Killed Noexoob's ghost
 62376 | Elf:3    | Cast into level 3 of the Abyss (a deep elf demonologist)
 62815 | Abyss:3  | Reached skill level 15 in Spellcasting
 62837 | Elf:3    | Escaped the Abyss
 62841 | Elf:3    | Reached XP level 22. HP: 141/173 MP: 9/41
 62866 | Elf:3    | Reached skill level 15 in Dodging
 63058 | Elf:3    | Reached skill level 15 in Stealth
 63245 | Elf:3    | Got the Compendium of Sinister Rites
 63259 | Elf:3    | Identified the ring "Cukottit" {Ice rElec Int+4 Stlth+}
 63307 | Elf:3    | Identified the ring "Zioll" {MP+9 Int+4}
 63334 | Elf:3    | Identified the +5 dire flail of Sosmuapt {vorpal, rC- rN+
                  | rCorr Stlth+}
 63351 | Elf:3    | Identified the +1 plate armour "Ycokanlo" {rPois rF- Will+}
 63425 | Elf:3    | Identified the +7 rapier of Dissatisfaction {vorpal, Dex+3}
 63430 | Elf:3    | Identified the +1 leather armour "Tesol" {rF- Str+4}
 63435 | Elf:3    | Identified the -6 helmet of Useewkyp {Rampage Will- Stlth+}
 63983 | Depths:1 | Entered Level 1 of the Depths
 64309 | Depths:1 | Reached skill level 15 in Polearms
 64528 | Depths:1 | Found a one-way gate leading to the halls of Pandemonium.
 64725 | Depths:1 | Found a gateway to Hell.
 64795 | Depths:1 | Found a stormy altar of Qazlal.
 65360 | Depths:2 | Noticed a caustic shrike
 65367 | Depths:2 | Killed a caustic shrike
 65371 | Depths:2 | Paralysed by a floating eye for 2 turns
 65741 | Depths:2 | Noticed a golden dragon
 65744 | Depths:2 | Reached XP level 23. HP: 180/180 MP: 37/42
 65746 | Depths:2 | Killed a golden dragon
 66532 | Depths:3 | Reached skill level 15 in Fighting
 66532 | Depths:3 | Reached skill level 15 in Short Blades
 66532 | Depths:3 | Reached skill level 15 in Long Blades
 66532 | Depths:3 | Reached skill level 15 in Axes
 66532 | Depths:3 | Reached skill level 15 in Maces & Flails
 66532 | Depths:3 | Reached skill level 15 in Staves
 66532 | Depths:3 | Reached skill level 15 in Slings
 66532 | Depths:3 | Reached skill level 15 in Bows
 66532 | Depths:3 | Reached skill level 15 in Crossbows
 66532 | Depths:3 | Reached skill level 15 in Throwing
 66532 | Depths:3 | Reached skill level 15 in Armour
 66532 | Depths:3 | Reached skill level 15 in Shields
 66532 | Depths:3 | Reached skill level 15 in Unarmed Combat
 66532 | Depths:3 | Reached skill level 15 in Evocations
 66693 | Depths:3 | Noticed Aizul
 66703 | Depths:3 | Killed Aizul
 66849 | Depths:3 | Reached skill level 16 in Polearms
 66922 | Depths:3 | Noticed a golden dragon
 67102 | Depths:3 | Killed a golden dragon
 67191 | Depths:3 | Noticed a juggernaut
 68207 | Depths:3 | Killed a juggernaut
 68529 | Depths:3 | Noticed Mlioglotl
 68535 | Depths:3 | Killed Mlioglotl
 68712 | Depths:3 | Noticed a juggernaut
 68730 | Depths:3 | Killed a juggernaut
 68730 | Depths:3 | Noticed a juggernaut
 68827 | Depths:3 | Killed a juggernaut
 69613 | Depths:4 | Reached XP level 24. HP: 189/189 MP: 18/43
 70425 | Depths:4 | Noticed Jory
 70440 | Depths:4 | Killed Jory
 70455 | Depths:4 | Noticed a caustic shrike
 70751 | Depths:4 | Killed a caustic shrike
 70976 | Depths:4 | Reached skill level 17 in Polearms
 71253 | Depths:4 | Found a one-way gate to the infinite horrors of the Abyss.
 71390 | Depths:5 | Entered Level 5 of the Depths
 71404 | Depths:5 | Reached skill level 15 in Ice Magic
 71749 | Depths:5 | Noticed a caustic shrike
 71750 | Depths:5 | Noticed a caustic shrike
 71751 | Depths:5 | Noticed a caustic shrike
 71758 | Depths:5 | Killed a caustic shrike
 71758 | Depths:5 | Killed a caustic shrike
 71759 | Depths:5 | Killed a caustic shrike
 72081 | Depths:5 | Noticed Margery
 72103 | Depths:5 | Killed Margery
 72749 | Depths:5 | Reached XP level 25. HP: 145/194 MP: 28/43
 73117 | Depths:5 | Found a gate to the Realm of Zot.
 74906 | Vaults:3 | Noticed Xtahua
 75047 | Vaults:3 | Reached skill level 18 in Polearms
 75287 | Vaults:3 | Killed Xtahua
 75627 | Vaults:3 | Noticed Bai Suzhen
 75635 | Vaults:3 | Killed Bai Suzhen
 75851 | Vaults:3 | Identified the +8 dagger of Subterfuge {chaos, +Blink
                  | Str+2}
 75908 | Vaults:3 | Identified the +8 spear "Dyoplush" {elec, rN+ Dex+4}
 76752 | Vaults:3 | Reached XP level 26. HP: 196/206 MP: 44/44
 78900 | Vaults:4 | Identified the ring "Teiwn" {Will++ SInv}
 78977 | Vaults:4 | Reached skill level 19 in Polearms
 79474 | Vaults:4 | Upgraded the game from 0.28-a0-258-g8de209e91f to
                  | 0.28-a0-407-g69098e2f6d
 80332 | D:6      | Killed sn0wgr3's ghost
 80378 | D:6      | Got the ring "Kureloecs" {Fire *Slow +Blink rElec Will+
                  | Int+5}
 80762 | Crypt:1  | Entered Level 1 of the Crypt
 81084 | Crypt:1  | Paralysed by a vampire knight for 7 turns
 81102 | Crypt:1  | Paralysed by a vampire knight for 5 turns
 81183 | Crypt:1  | Paralysed by a vampire knight for 7 turns
 81188 | Crypt:1  | Slain by a vampire knight

Illustrated notes

Levels and vault maps discovered:
D:1:      giann_wishing_wells, layout_rooms, serial_shops, shop,
          chequers_ecumenical_altar_grove
D:2:      layout_rooms
D:3:      layout_basic, grunt_temple_overflow_champion_of_chaos,
          mainiacjoe_overflow_six_doors_small, st_stairs_7,
          hangedman_glass_teeth
D:4:      layout_layer_cave, kennysheep_generic_room_16
D:5:      layout_gridville
D:6:      old_forge, layout_loops_ring, minmay_temple_entry_stoned_glass,
          gammafunk_ghost_icy, uniq_menkaure, uniq_blork_the_orc
D:7:      layout_basic, serial_shops, shop, kennysheep_crisscross, hex_medium,
          minmay_strange_pillars
D:8:      layout_basic, serial_glass, glass_columns_c, glass_columns_a,
          glass_columns_a, glass_columns_c, item_on_display_a, feat_on_display,
          due_unseen_surprise
D:9:      layout_roguey, grunt_temple_overflow_open, erik_lair_orcish_takeover,
          grunt_ministairs_5
D:10:     minmay_s_stair_smasher, layout_stronghold, nicolae_two_hexagons,
          uniq_harold
D:11:     layout_loops_ring, gauntlet_entry_generic, uniq_maurice, uniq_erica
D:12:     minmay_two_paths, layout_long_grid, orc_0_dummy, serial_shops,
          shop_statue, portal_ice_cave_entry_animals_and_master
D:13:     minmay_isolated_rectangles_in_corner, layout_basic, uniq_azrael
D:14:     layout_basic, grunt_vaults_entry_fortified,
          wad_floor_pattern_untrapped, minmay_misc_feat_four_crosses, drop_trap,
          minmay_stone_trees_small
D:15:     grunt_enter_depths_hoard, layout_irregular_city, serial_shops,
          nicolae_square_shop, minmay_misc_feat_x,
          nicolae_hepliaklqana_monster_ancestors
Temple:   eino_temple_lava
Lair:1:   layout_layer_cave, special_room [special_room_bee],
          serial_bayou_shore_b
Lair:2:   layout_small_grid, dummy_snake_entry, beast_lair_carwin_8
Lair:3:   layout_roguey, beast_lair_carwin_9
Lair:4:   layout_cave_shapes, shoals_dummy_entry,
          gammafunk_ghost_wrathful_warriors, beast_lair_carwin_4,
          lemuel_fruit_fields
Lair:5:   layout_roguey, dpeg_slime_entry_corner, nzn_random_ring,
          uniq_josephine
Lair:6:   minmay_lair_end_enchanted_forest, layout_cave_pods,
          gammafunk_ghost_arena, chequers_serial_rivers_micro_c,
          lookout_lair_type, st_stairs_11, lemuel_centaur_altar
Shoals:1: layout_shoals, serial_shops, shop,
          nicolae_shoals_beach_house_on_fowls_legs
Shoals:2: layout_shoals, uniq_ilsuiw
Shoals:3: layout_shoals, serial_shops, shop
Shoals:4: shoals_end_hangedman, layout_shoals, serial_shops, shop, uniq_nikola
Snake:1:  layout_chambers, serial_shops, shop, shop_fountains, shop
Snake:2:  layout_onion, statue_in_the_mist_lemuel, uniq_saint_roka, uniq_kirke
Snake:3:  hangedman_cross_veins, layout_honeycomb, uniq_jorgrun
Snake:4:  minmay_snake_end_coiled, layout_cave_town, st_stairs_4,
          nicolae_snake_salamander_zone
Orc:1:    layout_caves
Orc:2:    grunt_orc_tribal_feast, layout_diamond_mine, serial_shops, shop, shop,
          nicolae_shop_statue_plus, shop, shop, basic_altar
Elf:1:    layout_gridlike, enter_trove_6, serial_shops, shop,
          hangedman_elf_represent
Elf:2:    nicolae_elf_blades_crystal_corner, layout_gridlike,
          hangedman_elven_ridges, drop_trap, minmay_fountain_box, uniq_roxanne,
          uniq_asterion
Elf:3:    elf_hall, layout_onion_city, fountainhead, minmay_shop_grove,
          uniq_donald
Vaults:1: nicolae_vaults_circle_grid_b, nicolae_vaults_alarming,
          nicolae_vaults_rhombus_5, nicolae_vaults_network_s,
          nicolae_vaults_yaktaur_gun_rack, v_pattern_2,
          nicolae_vaults_little_squares_1, nicolae_vaults_three_branches,
          layout_vaults_big_room
Vaults:2: v_misc_14, nicolae_vaults_network_square, vaults_dpeg_doors,
          v_pattern_5, nicolae_vaults_know_your_exits,
          vaults_standard_mumra_enter_the_diamond, ontoclasm_vaults_gateway,
          nicolae_vaults_rhombus_6, minmay_crypt_entry_simple_round,
          ontoclasm_vaults_ligature, hangedman_vaults_slither,
          ontoclasm_vaults_eye, vaults_room_pools, v_misc_27, vaults_dpeg_ring,
          vaults_mumra_lcd, layout_vaults_maze, mu_enter_wizlab_4, uniq_mara
Vaults:3: st_greater_box_1, nicolae_vaults_specimen_jars,
          grunt_vaults_trifunnel, v_rooms_3, v_alt_pattern_2, v_misc_5,
          nicolae_vaults_circle_grid_a, grunt_vaults_hallway_long,
          grunt_vaults_diagonal, ontoclasm_vaults_chip, v_misc_15,
          ontoclasm_vaults_twist, hangedman_vaults_cutoff,
          layout_vaults_omnibox, uniq_xtahua, uniq_bai_suzhen
Vaults:4: ontoclasm_vaults_bender, ontoclasm_vaults_idyll, v_misc_4,
          nicolae_vaults_bisected_exclaves, nicolae_vaults_puzzle_piece,
          v_alt_pattern_4, ontoclasm_vaults_chip, vaults_room_corners,
          ontoclasm_vaults_misaligned, nicolae_vaults_ring_of_whatevers,
          nicolae_vaults_ninety_degrees, vaults_room_pools,
          layout_vaults_big_cross
Crypt:1:  layout_regular_city, grunt_crypt_arrival_split
Depths:1: layout_big_octagon, grunt_decor_fettered, hell_entry,
          grunt_pan_entry_zigzag, grunt_ministairs_5, grunt_qazlal_clouds
Depths:2: wad_courtyard, layout_cave_shapes, enter_ziggurat_b,
          fiery_altar_vehumet, pf_coc_iceberg
Depths:3: nicolae_legendary_halls, layout_gridlike, hell_entry, pan_entry,
          grunt_megastairs_4, uniq_mlioglotl, uniq_aizul
Depths:4: minmay_triangles_in_corner, layout_cave_pools, abyss_entry_glasseish,
          hell_entry, infiniplex_staircase_x, rand_demon_pan_entry_3,
          serial_bayou_shore_a, kennysheep_random_hallway, serial_bayou_shore_b,
          uniq_jory
Depths:5: evilmike_zot_entry_hall, layout_cave_pools, abyss_entry,
          pf_dread_powers_of_hell, grunt_pan_entry_in_and_out, uniq_margery

Skill      XL: |  1  2  3  4  5  6  7  8  9 10 11 12 13 14 15 16 17 18 19 20 21 22 23 24 25 26 |
---------------+-------------------------------------------------------------------------------+-----
Spellcasting   | 5 6 7 8 9 10 11 12 13 14 15 16 17 | 17.4
Invocations    | 1 2 3 4 5 6 7 8 9 10 11 12 13 14 15 16 17 18 | 18.2
Fighting       | 1 2 3 4 5 6 7 8 9 10 11 12 13 14 15 16 | 16.9
Short Blades   | 1 2 3 4 5 6 7 8 9 10 11 12 13 14 15 16 | 16.9
Long Blades    | 1 2 3 4 5 6 7 8 9 10 11 12 13 14 15 16 | 16.9
Axes           | 1 2 3 4 5 6 7 8 9 10 11 12 13 14 15 16 | 16.9
Maces & Flails | 1 2 3 4 5 6 7 8 9 10 11 12 13 14 15 16 | 16.9
Polearms       | 1 2 3 4 5 6 7 8 9 10 11 12 13 14 15 16 17 18 19 | 19.1
Staves         | 1 2 3 4 5 6 7 8 9 10 11 12 13 14 15 16 | 16.9
Slings         | 1 2 3 4 5 6 7 8 9 10 11 12 13 14 15 16 | 16.9
Bows           | 1 2 3 4 5 6 7 8 9 10 11 12 13 14 15 16 | 16.9
Crossbows      | 1 2 3 4 5 6 7 8 9 10 11 12 13 14 15 16 | 16.9
Throwing       | 1 2 3 4 5 6 7 8 9 10 11 12 13 14 15 16 | 16.9
Armour         | 1 2 3 4 5 6 7 8 9 10 11 12 13 14 15 16 | 16.9
Shields        | 1 2 3 4 5 6 7 8 9 10 11 12 13 14 15 16 | 16.9
Unarmed Combat | 1 2 3 4 5 6 7 8 9 10 11 12 13 14 15 16 | 16.9
Evocations     | 1 2 3 4 5 6 7 8 9 10 11 12 13 14 15 16 | 16.9
Conjurations   | 1 2 3 4 5 6 7 8 9 10 11 12 13 14 | 14.6
Hexes          | 1 2 3 4 5 6 7 8 9 10 11 12 13 14 | 14.6
Summonings     | 1 2 3 4 5 6 7 8 9 10 11 12 13 14 | 14.6
Necromancy     | 1 2 3 4 5 6 7 8 9 10 11 12 13 14 | 14.6
Translocations | 1 2 3 4 5 6 7 8 9 10 11 12 13 14 | 14.6
Transmutations | 1 2 3 4 5 6 7 8 9 10 11 12 13 14 | 14.6
Fire Magic     | 1 2 3 4 5 6 7 8 9 10 11 12 13 14 | 14.6
Air Magic      | 1 2 3 4 5 6 7 8 9 10 11 12 13 14 | 14.6
Earth Magic    | 1 2 3 4 5 6 7 8 9 10 11 12 13 14 | 14.6
Poison Magic   | 1 2 3 4 5 6 7 8 9 10 11 12 13 14 | 14.6
Dodging        | 5 6 7 8 9 10 11 12 13 14 15 16 17 | 17.4
Stealth        | 5 6 7 8 9 10 11 12 13 14 15 16 17 | 17.3
Ice Magic      | 8 9 10 11 12 13 14 15 | 15.8

Action                   |  1- 3 |  4- 6 |  7- 9 | 10-12 | 13-15 | 16-18 | 19-21 | 22-24 | 25-27 || total
-------------------------+-------+-------+-------+-------+-------+-------+-------+-------+-------++-------
Melee: Unarmed           |    13 |     8 |       |       |       |       |       |       |       ||    21
       War axe           |       |    31 |   151 |   368 |   392 |   227 |       |       |       ||  1169
       Punch             |       |     1 |     2 |     7 |       |       |       |       |       ||    10
       Bite              |       |       |    12 |    29 |    46 |    16 |    37 |    65 |    79 ||   284
       Trident           |       |       |       |       |       |    55 |   588 |   588 |   527 ||  1758
Throw: Javelin           |       |     5 |     3 |     1 |     1 |       |       |       |       ||    10
 Cast: Freeze            |    36 |    35 |     2 |       |       |       |       |       |       ||    73
       Frozen Ramparts   |     4 |    12 |    23 |    82 |    82 |    70 |    78 |    26 |    19 ||   396
       Ozocubu's Armour  |       |     2 |    15 |    44 |    46 |    32 |    40 |    20 |    10 ||   209
       Sandblast         |       |       |       |    30 |     5 |       |       |       |       ||    35
       Mephitic Cloud    |       |       |       |     1 |       |       |       |       |       ||     1
       Bolt of Magma     |       |       |       |    10 |   114 |    41 |    72 |    99 |     8 ||   344
       Freezing Cloud    |       |       |       |       |    93 |   420 |   273 |    79 |    12 ||   877
       Iron Shot         |       |       |       |       |    19 |    26 |   140 |   131 |   183 ||   499
       Summon Ice Beast  |       |       |       |       |       |     9 |       |       |       ||     9
       Ozocubu's Refrige |       |       |       |       |       |    14 |    30 |    84 |    57 ||   185
Evoke: Wand              |       |       |     2 |       |     4 |     3 |     3 |       |     1 ||    13
       Condenser vane    |       |       |       |       |       |     1 |     1 |     2 |     1 ||     5
       Lightning rod     |       |       |       |       |       |       |    12 |    18 |     8 ||    38
  Use: Scroll            |       |       |       |       |    16 |    19 |     2 |     2 |       ||    39
       Potion            |       |       |       |       |       |       |     2 |     1 |       ||     3
 Stab: Sleeping          |     1 |     2 |     8 |     1 |     1 |     1 |     3 |     2 |     4 ||    23
       Confused          |       |       |       |     1 |       |       |       |       |       ||     1
       Distracted        |       |       |       |       |       |       |     1 |       |     3 ||     4
Armor: Robe              |     4 |    20 |    30 |       |       |       |       |       |       ||    54
       Troll leather arm |       |       |       |   118 |   112 |    88 |   111 |    81 |    88 ||   598
       Steam dragon scal |       |       |       |    16 |       |       |       |       |       ||    16
       Scale mail        |       |       |       |       |       |    25 |       |       |       ||    25
Dodge: Dodged            |    30 |    54 |   141 |   268 |   256 |   263 |   340 |   338 |   306 ||  1996
Block: Buckler           |       |       |       |    61 |   180 |     3 |       |       |       ||   244
       Kite shield       |       |       |       |       |       |   296 |   342 |   263 |   280 ||  1181
       Reflection        |       |       |       |       |       |    49 |    86 |    11 |    16 ||   162

Table legend: (Time is in decaauts)
 A = Elapsed time spent in this place.
 B = Non-inter-level travel time spent in this place.
 C = Inter-level travel time spent in this place.
 D = Time resting spent in this place.
 E = Time spent auto-exploring this place.
 F = Levels seen in this place.
 G = Mean time per level.
                   A        B        C        D        E       F      G
               +--------+--------+--------+--------+--------+-----+--------+
         Total |  81225 |  73967 |   7258 |   3019 |  57298 |  48 | 1692.2 |
       Dungeon |  22141 |  18953 |   3188 |    260 |  15744 |  15 | 1476.1 |
        Temple |     77 |     68 |      9 |      0 |     12 |   1 |   77.0 |
          Lair |  10002 |   9226 |    776 |    185 |   7243 |   6 | 1667.0 |
        Shoals |   8180 |   7773 |    407 |    387 |   6160 |   4 | 2045.0 |
     Snake Pit |  10933 |  10617 |    316 |    754 |   7896 |   4 | 2733.2 |
  Orcish Mines |   2439 |   2060 |    379 |      0 |   1555 |   2 | 1219.5 |
   Elven Halls |   5225 |   4629 |    596 |    136 |   3593 |   3 | 1741.7 |
        Vaults |   9759 |   8753 |   1006 |    412 |   6712 |   4 | 2439.8 |
         Crypt |    354 |    354 |      0 |      0 |    174 |   1 |  354.0 |
        Depths |   9635 |   9058 |    577 |    284 |   7035 |   5 | 1927.0 |
         Abyss |    430 |    430 |      0 |     34 |    147 |   1 |  430.0 |
         Trove |     69 |     69 |      0 |      0 |     10 |   1 |   69.0 |
        Wizlab |   1976 |   1976 |      0 |    566 |   1014 |   1 | 1976.0 |
               +--------+--------+--------+--------+--------+-----+--------+

Top non-repeatable levels by time:
 Snake:4: 3427 daAuts
 Snake:1: 3157 daAuts
Depths:3: 3077 daAuts
  Lair:6: 3002 daAuts
Vaults:2: 2587 daAuts
Vaults:1: 2525 daAuts
Vaults:3: 2494 daAuts
 Snake:3: 2465 daAuts
    D:12: 2433 daAuts
Shoals:4: 2360 daAuts
   Elf:2: 2289 daAuts
Shoals:2: 2188 daAuts
Vaults:4: 2151 daAuts
Depths:4: 2106 daAuts
Shoals:1: 2056 daAuts
